 Dungeon Crawl Stone Soup version 0.25.1-8-g42b30a86e7 (webtiles) character file.

Game seed: 16038034443259582487

517 hawla the Conjurer (level 7, -1/50 HPs)
             Began as a White Draconian Conjurer on Dec 11, 2020.
             Slain by a hippogriff (4 damage)
             ... on level 4 of the Dungeon.
             The game lasted 00:11:27 (4511 turns).

hawla the Conjurer (White Draconian Conjurer)       Turns: 4511, Time: 00:11:27

Health: -1/50      AC:  6    Str: 10    XL:     7   Next: 0%
Magic:  0/13       EV: 12    Int: 17    God:
Gold:   167        SH:  0    Dex: 12    Spells: 7/14 levels left

rFire    + . .     SeeInvis .   u - +0 quarterstaff
rCold    + + .     Gourm    .   (shield currently unavailable)
rNeg     . . .     Faith    .   (armour unavailable)
rPois    +         Spirit   .   (helmet restricted)
rElec    +         Reflect  .   (no cloak)
rCorr    +         Harm     .   (no gloves)
MR       .....                  (no boots)
Stlth    ++........             (no amulet)
HPRegen  0.16/turn              k - ring of poison resistance
MPRegen  0.13/turn              (no ring)

@: resistant
A: breathe frost, unfitting armour, cold resistance 1, cold-blooded, AC +6
a: Breathe Frost


You were on level 4 of the Dungeon.
You were very hungry.

You visited 1 branch of the dungeon, and saw 4 of its levels.

You collected 167 gold pieces.

Inventory:

Hand Weapons
 u - a +0 quarterstaff (weapon)
Missiles
 m - 12 poisoned darts (quivered)
Jewellery
 d - an uncursed ring of ice
 f - an uncursed ring of ice
 k - a ring of poison resistance (left hand)
Wands
 t - a wand of digging (6)
Scrolls
 a - a scroll of fog {unknown}
 c - a scroll of magic mapping {unknown}
 e - a scroll of random uselessness {unknown}
 g - a scroll of immolation {unknown}
 h - 3 scrolls of identify {unknown}
 i - a scroll of remove curse {unknown}
 j - a scroll of fear {unknown}
 l - 3 scrolls of teleportation {unknown}
 n - a scroll of blinking {unknown}
 o - a scroll of enchant armour {unknown}
Potions
 q - a potion of cancellation {unknown}
 s - 2 potions of curing {unknown}
 v - 2 potions of haste {unknown}
Comestibles
 b - 9 rations


   Skills:
 - Level 1.7 Dodging
 - Level 1.7 Stealth
 - Level 4.0 Spellcasting
 + Level 5.4 Conjurations
 + Level 4.7 Translocations


You had 7 spell levels left.
You knew the following spells:

 Your Spells              Type           Power        Failure   Level  Hunger
a - Magic Dart            Conj           ###.         1%          1    None
b - Searing Ray           Conj           ###...       2%          2    ##.....
c - Iskenderun's Mystic   Conj/Tloc      ###.....     19%         4    ####...

Your spell library contained the following spells:

 Spells                   Type           Power        Failure   Level  Hunger
 Animate Skeleton         Necr           N/A          16%         1    None
 Pain                     Necr           #...         16%         1    None
 Dazzling Flash           Conj/Hex       ##....       16%         3    ###....
 Vampiric Draining        Necr           #.........   43%         3    ###....
 Fulminant Prism          Conj/Hex       ##........   45%         4    ####...
 Animate Dead             Necr           N/A          83%         4    ####...
 Agony                    Necr           #.......     99%         5    ######.


Dungeon Overview and Level Annotations

Branches:
Dungeon (4/15)             Temple (0/1) D:4

Altars:
Ashenzari
Dithmenos
Fedhas
Ru
Zin

Annotations:
D:4 1 transporter


Innate Abilities, Weirdness & Mutations

You can breathe waves of freezing cold.
You can buffet flying creatures when you breathe cold.
Your icy white scales are hard. (AC +6)
You cannot fit into any form of body armour.
Your flesh is cold resistant. (rC+)
You are cold-blooded and may be slowed by cold attacks.


Message History

Press: ? - help, Shift-Dir - straight line, f/p - hippogriff
Aim: a hippogriff (heavily wounded)
The magic dart hits the hippogriff but does no damage.
The hippogriff is heavily wounded.
The hippogriff barely misses you. The hippogriff pecks you.
The hippogriff claws you.
You sock the hippogriff!
The hippogriff is severely wounded.
The hippogriff bites you!
* * * LOW HITPOINT WARNING * * *
The hippogriff closely misses you. x2; The hippogriff completely misses you.
The hippogriff pecks you.
* * * LOW HITPOINT WARNING * * *
The hippogriff claws you.
* * * LOW HITPOINT WARNING * * *
Okay, then.
It was a potion of resistance.
You feel protected. The hippogriff barely misses you. The hippogriff pecks you.
You die...

#.........###.## #..#.....###..#
#..##..###...## ##..#####....####
#..#.....©.....##
#....#########..#
#...##8.....8##.#
##...#....†H...#.#
##....#.#..@..#.#.#
###.....#..#...#..#.#
##.......#........©#.# #
#........#..#...#..#.# #
###...##.#.#.....#.#.#########
###...####.#.."$$?:..#.##......##
#....## #.##8$|_.$8##.##.......#
...### #..#########..##........
.### .....©.....####.......


You could see a hippogriff.

Vanquished Creatures
  A water moccasin (D:4)
  A bullfrog (D:4)
  A scorpion (D:4)
  2 hounds
  An orc wizard (D:2)
  Jessica (D:2)
  10 adders
  3 oozes
  3 worms
  A dart slug (D:1)
  5 orcs
  6 bats
  2 giant cockroaches
  2 goblins
  11 hobgoblins
  9 jackals
  A ball python (D:2)
  6 frilled lizards
  11 kobolds
  8 rats
85 creatures vanquished.

Notes
Turn   | Place    | Note
-------+----------+-------------------------------------------
     0 | D:1      | hawla the Draconian Conjurer began the quest for the Orb.
     0 | D:1      | Reached XP level 1. HP: 14/14 MP: 3/3
   445 | D:1      | Reached XP level 2. HP: 20/20 MP: 2/5
   855 | D:1      | Learned a level 2 spell: Searing Ray
  1073 | D:1      | Reached XP level 3. HP: 26/26 MP: 0/7
  1995 | D:2      | Found a sacrificial altar of Ru.
  2148 | D:2      | Reached XP level 4. HP: 33/33 MP: 1/10
  2154 | D:2      | Learned a level 4 spell: Iskenderun's Mystic Blast
  2382 | D:2      | Noticed Jessica
  2388 | D:2      | Killed Jessica
  2388 | D:2      | Reached skill level 1 in Translocations
  2629 | D:2      | Reached XP level 5. HP: 28/38 MP: 1/11
  3729 | D:3      | Found a shadowy altar of Dithmenos.
  3788 | D:4      | Found a shattered altar of Ashenzari.
  3796 | D:4      | Reached XP level 6. HP: 38/45 MP: 1/12
  3948 | D:4      | Noticed a hippogriff
  4014 | D:4      | Noticed a water moccasin
  4022 | D:4      | Killed a water moccasin
  4022 | D:4      | Reached skill level 5 in Conjurations
  4146 | D:4      | Found a staircase to the Ecumenical Temple.
  4204 | D:4      | Found a transporter.
  4248 | D:4      | Found a transporter.
  4369 | D:4      | Found a glowing silver altar of Zin.
  4473 | D:4      | Found a blossoming altar of Fedhas.
  4502 | D:4      | Your scales start taking on an icy white colour.
  4502 | D:4      | Reached XP level 7. HP: 41/50 MP: 6/13
  4502 | D:4      | Gained mutation: Your flesh is cold resistant. (rC+) [White
                  | Draconian growth]
  4511 | D:4      | Slain by a hippogriff

Illustrated notes

Levels and vault maps discovered:
D:1:      lightli_molten_gateway, layout_basic
D:2:      layout_loops_cross, marbit_many_paths, uniq_jessica
D:3:      layout_rooms, kennysheep_small_spiral,
          nicolae_dithmenos_through_a_glass_darkly
D:4:      layout_cave_pods, kennysheep_mini_moat,
          gammafunk_temple_overflow_arena, minmay_temple_entry_statues,
          cheibrodos_ashenzari_chains, uniq_edmund

Skill      XL: |  1  2  3  4  5  6 |
---------------+-------------------+-----
Spellcasting   | 3 4 |  4.0
Translocations | 2 3 4 |  4.7
Conjurations   | 5 |  5.4
Dodging        | |  1.7
Stealth        | |  1.7

Action                   |  1- 3 |  4- 6 |  7- 9 || total
-------------------------+-------+-------+-------++-------
Melee: Unarmed           |    22 |       |       ||    22
       Tailslap          |     1 |     1 |       ||     2
       Hand axe          |       |    10 |       ||    10
       Quarterstaff      |       |     2 |     1 ||     3
 Cast: Magic Dart        |    59 |    37 |     1 ||    97
       Searing Ray       |    11 |    30 |     1 ||    42
       Iskenderun's Myst |       |     1 |       ||     1
  Use: Potion            |     1 |       |     2 ||     3
  Eat: Chunk             |     5 |     7 |       ||    12
Armor: Skin              |    25 |    12 |     2 ||    39
Dodge: Dodged            |    63 |    42 |    15 ||   120
